 Dungeon Crawl Stone Soup version 0.26-a0-707-g31817bcca1 (webtiles) character file.

Game seed: 1929389826637527286

36602 robertstho the Frost Mage (level 13, -2/118 HPs)
             Began as a Gnoll Ice Elementalist on Oct 26, 2020.
             Was an Elder of Sif Muna.
             Slain by a cane toad (12 damage)
             ... on level 6 of the Lair of Beasts.
             The game lasted 00:32:33 (20892 turns).

robertstho the Frost Mage (Gnoll Ice Elementalist) Turns: 20892, Time: 00:32:33

Health: -2/118     AC:  8    Str: 11    XL:     13   Next: 91%
Magic:  24/27      EV: 16    Int: 22    God:    Sif Muna [****..]
Gold:   1224       SH:  0    Dex: 16    Spells: 13/32 levels left

rFire    x . .     SeeInvis .     - Unarmed
rCold    + + +     Faith    .   (shield currently unavailable)
rNeg     . . .     Spirit   .   (armour currently unavailable)
rPois    +         Reflect  .   (helmet currently unavailable)
rElec    .         Harm     .   (cloak currently unavailable)
rCorr    .         Rampage  .   (gloves currently unavailable)
MR       .....                  (boots currently unavailable)
Stlth    ++++......             (no amulet)
HPRegen  0.29/turn              p - +4 ring of slaying
MPRegen  0.20/turn              f - ring of protection from cold

@: ice-form, frozen ramparts
A: large, distributed training, strong nose
a: End Transformation, Channel Magic, Forget Spell, Divine Exegesis, Renounce
Religion


You were on level 6 of the Lair of Beasts.
You worshipped Sif Muna.
Sif Muna was greatly pleased with you.
You were a creature of crystalline ice.
You visited 3 branches of the dungeon, and saw 18 of its levels.

You collected 1224 gold pieces.

Inventory:

Hand Weapons
 y - a +1 whip of flaming
 A - a +0 long sword of holy wrath
 E - a +1 glaive of flaming (melded)
Missiles
 b - 8 curare-tipped darts (quivered)
Armour
 a - a +0 robe
 e - a +2 robe of positive energy (melded)
 n - a +0 pair of gloves (melded)
 x - a +0 helmet (melded)
 F - +2 acid dragon scales
 I - a +0 cloak (melded)
 W - a +2 pair of boots (melded)
Jewellery
 f - a ring of protection from cold (right front paw)
 i - an uncursed ring of positive energy
 p - a +4 ring of slaying (left front paw)
 s - an uncursed ring of flight
 u - an uncursed ring of ice
 w - an uncursed ring of see invisible
Wands
 c - a wand of acid (24)
 D - a wand of polymorph (5)
 G - a wand of flame (43)
 O - a wand of enslavement (7)
 U - a wand of paralysis (4)
Scrolls
 d - a scroll of immolation
 g - 7 scrolls of teleportation
 l - 4 scrolls of magic mapping {unknown}
 m - 8 scrolls of remove curse
 o - 3 scrolls of amnesia {unknown}
 q - 4 scrolls of enchant armour
 v - 2 scrolls of blinking
 z - 4 scrolls of enchant weapon
 C - 2 scrolls of fog
 J - a scroll of fear
 M - 2 scrolls of brand weapon {unknown}
 Q - a scroll of summoning
 R - a scroll of vulnerability {unknown}
Potions
 h - 2 potions of resistance
 j - 2 potions of flight
 k - 2 potions of berserk rage
 r - 2 potions of stabbing
 t - 3 potions of cancellation
 B - 3 potions of haste
 H - a potion of might
 L - 9 potions of lignification
 N - 3 potions of curing
 P - a potion of mutation {unknown}
 S - 3 potions of magic
 T - 2 potions of invisibility {unknown}
 X - 2 potions of brilliance
Miscellaneous
 V - a box of beasts (3/3)


   Skills:
 + Level 8.7 Fighting
 + Level 8.7 Short Blades
 + Level 8.7 Long Blades
 + Level 8.7 Axes
 + Level 8.7 Maces & Flails
 + Level 8.7 Polearms
 + Level 8.7 Staves
 + Level 8.7 Slings
 + Level 8.7 Bows
 + Level 8.7 Crossbows
 + Level 8.7 Throwing
 + Level 8.7 Armour
 + Level 9.8 Dodging
 + Level 9.7 Stealth
 + Level 8.7 Shields
 + Level 8.7 Unarmed Combat
 + Level 10.0 Spellcasting
 + Level 7.2 Conjurations
 + Level 7.2 Hexes
 + Level 7.2 Summonings
 + Level 7.2 Necromancy
 + Level 7.2 Translocations
 + Level 7.2 Transmutations
 + Level 7.2 Fire Magic
 + Level 10.2 Ice Magic
 + Level 7.2 Air Magic
 + Level 7.2 Earth Magic
 + Level 7.2 Poison Magic
 + Level 9.5 Invocations
 + Level 8.7 Evocations


You had 13 spell levels left.
You knew the following spells:

 Your Spells              Type           Power        Failure   Level
a - Freeze                Ice            ####         1%          1
b - Frozen Ramparts       Ice            ######       1%          3
c - Ozocubu's Armour      Ice            ######..     1%          3
d - Hailstorm             Conj/Ice       #####...     1%          4
e - Summon Ice Beast      Ice/Summ       #####...     1%          4
f - Ice Form              Ice/Tmut       #####...     1%          4

Your spell library contained the following spells:

 Spells                   Type           Power        Failure   Level
 Animate Skeleton         Necr           #####.       1%          1
 Beastly Appendage        Tmut           #####.       1%          1
 Magic Dart               Conj           ####         1%          1
 Pain                     Necr           ####         1%          1
 Blink                    Tloc           N/A          1%          2
 Corpse Rot               Necr/Air       N/A          1%          2
 Ensorcelled Hibernation  Hex/Ice        #####.       1%          2
 Searing Ray              Conj           #####.       1%          2
 Wereblood                Tmut           #####...     1%          2
 Confusing Touch          Hex            #####...     1%          3
 Dazzling Flash           Conj/Hex       #####.       1%          3
 Gell's Gravitas          Tloc           #####.....   1%          3
 Lesser Beckoning         Tloc           #####.....   1%          3
 Spider Form              Tmut/Pois      #####.....   1%          3
 Teleport Other           Tloc           #####...     1%          3
 Vampiric Draining        Necr           #####.....   1%          3
 Airstrike                Air            #####.....   3%          4
 Animate Dead             Necr           #####.....   3%          4
 Cause Fear               Hex            #####.....   3%          4
 Fulminant Prism          Conj/Hex       #####.....   3%          4
 Iskenderun's Mystic Bla  Conj/Tloc      #####...     3%          4
 Passage of Golubria      Tloc           N/A          3%          4
 Petrify                  Tmut/Erth      #####...     3%          4
 Metabolic Englaciation   Hex/Ice        #####.....   4%          5
 Agony                    Necr           #####...     9%          5
 Blade Hands              Tmut           #####.....   9%          5
 Silence                  Hex/Air        #####.....   9%          5
 Yara's Violent Unravell  Hex/Tmut       #####.....   9%          5
 Freezing Cloud           Conj/Ice/Air   #####.....   30%         6
 Chain Lightning          Conj/Air       #####.....   100%        8
 Discord                  Hex            #####.....   100%        8
 Tornado                  Air            #####.....   100%        9


Dungeon Overview and Level Annotations

Branches:
Dungeon (11/15)            Temple (1/1) D:6            Lair (5/6) D:8
  Swamp (0/4) Lair:2       Spider (0/4) Lair:3        Slime (0/5) Lair:5
    Orc: D:9-12

Altars:
Ashenzari
Cheibriados
Dithmenos
Elyvilon
Hepliaklqana
Kikubaaqudgha
Makhleb
Nemelex Xobeh
Okawaru
Qazlal
Ru
Sif Muna
Trog
Uskayaw
Xom
Yredelemnul
Zin
Jiyva

Shops:
D:9 :

Annotations:
D:11 3 runed translucent doors
Lair:2 exclusion: 4 oklob plants


Innate Abilities, Weirdness & Mutations

Your experience applies equally to all skills.
((You have very sharp teeth.))
Your uncanny sense of smell can sniff out nearby items.


Message History

The komodo dragon bites you!!
* * * LOW HITPOINT WARNING * * *
The elephant tramples your ice beast!
Your ice beast holds its ground!
The elephant barely misses your ice beast.
Press: ? - help, Dir - move target cursor
As you read the scroll of blinking, it crumbles to dust.
You feel less invigorated.
As you read the scroll of identify, it crumbles to dust.
X - 2 potions of brilliance Something tramples your ice beast but does no damage.
Something trunk-slaps your ice beast but does no damage.
A cane toad comes into view.
Casting: Ice Form (mildly dangerous; 1% risk of failure)
Confirm with . or Enter, or press ? or * to list all spells.
The walls around you are covered in ice.
The wall freezes the cane toad.
The cane toad seems to slow down.
Unknown command.
You hit the cane toad but do no damage.
The wall freezes the cane toad!
The cane toad stings you!
You die...

........PP#.#Y.....).
....#......PP..........#
.......PP..PPY......P...
..P.....P...P......PP#..
#P....P.P...Y...........
.......................
..#.#.#.#......#.....#..
........P.l.......
.......Y..........
##....F####.P####.
#P###. ### ##


You could see an elephant, a cane toad (slow), a wyvern and a friendly ice beast
(summoned).

Vanquished Creatures
  Nessos (Lair:5)
  A hydra (Lair:4)
  A boulder beetle (Lair:4)
  A catoblepas (Lair:5)
  A two-headed ogre (D:8)
  5 death yaks (Lair:4)
  3 unseen horrors
  Pikel (D:5)
  An orc knight (D:11)
  Maurice (D:9)
  5 black mambas
  2 torpor snails (Lair:3)
  7 cane toads
  6 elephants
  Maggie (D:7)
  3 kobold demonologists
  4 komodo dragons
  A tyrant leech (Lair:2)
  A jumping spider (Lair:3)
  3 dream sheep (Lair:3)
  A vampire (D:11)
  3 basilisks
  3 wyverns
  30 yaks
  2 steam dragons
  9 water moccasins
  5 orc warriors
  4 sky beasts
  2 ice beasts
  2 phantoms
  19 wolves
  4 ogres
  5 centaurs
  9 big kobolds
  15 bullfrogs
  A wyvern zombie (D:11)
  4 scorpions
  6 killer bees (D:8)
  7 wights (D:9)
  3 electric eels (D:6)
  2 howler monkeys
  A centaur zombie (D:7)
  4 hounds
  3 jellies
  4 centaur skeletons
  12 orc priests
  11 orc wizards
  2 bullfrog skeletons
  3 worker ants
  5 hell rats (Lair:4)
  A worker ant zombie (D:6)
  3 gnolls (D:7)
  6 adders
  2 shadow imps
  5 white imps
  An ufetubus (D:5)
  An ooze (D:2)
  3 worms
  4 dart slugs
  7 leopard geckos
  35 orcs
  A ball python (D:8)
  3 giant cockroaches
  8 goblins
  5 hobgoblins
  8 jackals
  21 kobolds
  2 quokkas
  3 bats
  4 frilled lizards
  A leopard gecko zombie (D:5)
  6 rats
360 creatures vanquished.

Vanquished Creatures (collateral kills)
  2 hydras
  A two-headed ogre (D:9)
  3 elephants (Lair:2)
  2 black mambas
  2 cane toads (Lair:2)
  A komodo dragon (Lair:5)
  A tyrant leech (Lair:2)
  4 blink frogs (Lair:4)
  3 yaks
  An ice beast (D:5)
  3 ogres
  A wolf (Lair:2)
  A lemure (D:5)
  A big kobold (D:11)
  2 bullfrogs
  A wight (D:9)
  An electric eel (D:6)
  A hell rat (Lair:4)
  A killer bee zombie (D:5)
  An adder (D:9)
  An ufetubus (D:6)
  An adder zombie (D:6)
  2 orcs
  2 kobolds (D:11)
  A quokka skeleton (D:5)
40 creatures vanquished.

Vanquished Creatures (others)
  29 fungi
  28 plants
57 creatures vanquished.

Grand Total: 457 creatures vanquished

Notes
Turn   | Place    | Note
-------+----------+-------------------------------------------
     0 | D:1      | robertstho the Gnoll Ice Elementalist began the quest for
                  | the Orb.
     0 | D:1      | Reached XP level 1. HP: 13/13 MP: 6/6
   247 | D:1      | Reached XP level 2. HP: 20/20 MP: 7/7
  1082 | D:2      | Reached skill level 5 in Spellcasting
  1082 | D:2      | Reached XP level 3. HP: 25/25 MP: 6/9
  1139 | D:2      | Learned a level 3 spell: Frozen Ramparts
  1143 | D:2      | Learned a level 3 spell: Ozocubu's Armour
  1323 | D:2      | Reached skill level 1 in Invocations
  1439 | D:2      | Reached skill level 1 in Fighting
  1439 | D:2      | Reached skill level 1 in Short Blades
  1439 | D:2      | Reached skill level 1 in Long Blades
  1439 | D:2      | Reached skill level 1 in Axes
  1439 | D:2      | Reached skill level 1 in Maces & Flails
  1439 | D:2      | Reached skill level 1 in Polearms
  1439 | D:2      | Reached skill level 1 in Staves
  1439 | D:2      | Reached skill level 1 in Slings
  1439 | D:2      | Reached skill level 1 in Bows
  1439 | D:2      | Reached skill level 1 in Crossbows
  1439 | D:2      | Reached skill level 1 in Throwing
  1439 | D:2      | Reached skill level 1 in Armour
  1439 | D:2      | Reached skill level 1 in Shields
  1439 | D:2      | Reached skill level 1 in Unarmed Combat
  1439 | D:2      | Reached skill level 1 in Evocations
  1722 | D:2      | Reached XP level 4. HP: 32/32 MP: 7/11
  1844 | D:2      | Found a sparkling altar of Nemelex Xobeh.
  2638 | D:3      | Reached skill level 1 in Conjurations
  2638 | D:3      | Reached skill level 1 in Hexes
  2638 | D:3      | Reached skill level 1 in Summonings
  2638 | D:3      | Reached skill level 1 in Necromancy
  2638 | D:3      | Reached skill level 1 in Translocations
  2638 | D:3      | Reached skill level 1 in Transmutations
  2638 | D:3      | Reached skill level 1 in Fire Magic
  2638 | D:3      | Reached skill level 1 in Air Magic
  2638 | D:3      | Reached skill level 1 in Earth Magic
  2638 | D:3      | Reached skill level 1 in Poison Magic
  3157 | D:4      | Reached XP level 5. HP: 33/37 MP: 8/12
  3193 | D:4      | Noticed an ogre
  3198 | D:4      | Killed an ogre
  3240 | D:4      | Reached XP level 6. HP: 37/44 MP: 7/13
  3852 | D:4      | Reached skill level 5 in Dodging
  3965 | D:4      | Learned a level 4 spell: Hailstorm
  3970 | D:4      | Learned a level 4 spell: Summon Ice Beast
  4007 | D:5      | Entered Level 5 of the Dungeon
  4077 | D:5      | Reached XP level 7. HP: 27/50 MP: 5/15
  4570 | D:5      | Reached skill level 5 in Stealth
  4880 | D:5      | Noticed Pikel
  4899 | D:5      | Killed Pikel
  4899 | D:5      | Reached XP level 8. HP: 21/58 MP: 4/17
  6328 | D:6      | Learned a level 4 spell: Ice Form
  6458 | D:6      | Found a staircase to the Ecumenical Temple.
  6497 | D:6      | HP: 3/72 [electric eel/bolt of electricity (12)]
  6498 | D:6      | Reached XP level 9. HP: 4/65 MP: 14/18
  7070 | Temple   | Entered the Ecumenical Temple
  7153 | Temple   | Became a worshipper of Sif Muna the Loreminder
  7936 | D:7      | Noticed Maggie
  7942 | D:7      | Killed Maggie
  8060 | D:7      | Reached * piety under Sif Muna
  8208 | D:8      | Found a burning altar of Makhleb.
  8256 | D:8      | Found a staircase to the Lair.
  8582 | D:8      | Noticed a two-headed ogre
  8588 | D:8      | Reached skill level 5 in Invocations
  8596 | D:8      | Killed a two-headed ogre
  8596 | D:8      | Reached XP level 10. HP: 25/73 MP: 13/20
  8914 | D:8      | Reached skill level 5 in Fighting
  8914 | D:8      | Reached skill level 5 in Short Blades
  8914 | D:8      | Reached skill level 5 in Long Blades
  8914 | D:8      | Reached skill level 5 in Axes
  8914 | D:8      | Reached skill level 5 in Maces & Flails
  8914 | D:8      | Reached skill level 5 in Polearms
  8914 | D:8      | Reached skill level 5 in Staves
  8914 | D:8      | Reached skill level 5 in Slings
  8914 | D:8      | Reached skill level 5 in Bows
  8914 | D:8      | Reached skill level 5 in Crossbows
  8914 | D:8      | Reached skill level 5 in Throwing
  8914 | D:8      | Reached skill level 5 in Armour
  8914 | D:8      | Reached skill level 5 in Shields
  8914 | D:8      | Reached skill level 5 in Unarmed Combat
  8914 | D:8      | Reached skill level 5 in Evocations
  9092 | D:9      | Noticed a two-headed ogre
  9099 | D:9      | Killed a two-headed ogre
  9469 | D:9      | Noticed Maurice
  9488 | D:9      | Killed Maurice
  9559 | D:9      | Found a sacrificial altar of Ru.
  9627 | D:9      | Found Qoel's Book Shoppe.
  9694 | D:9      | Reached ** piety under Sif Muna
  9904 | D:9      | Reached XP level 11. HP: 81/81 MP: 22/22
  9961 | D:9      | Reached skill level 5 in Conjurations
  9961 | D:9      | Reached skill level 5 in Hexes
  9961 | D:9      | Reached skill level 5 in Summonings
  9961 | D:9      | Reached skill level 5 in Necromancy
  9961 | D:9      | Reached skill level 5 in Translocations
  9961 | D:9      | Reached skill level 5 in Transmutations
  9961 | D:9      | Reached skill level 5 in Fire Magic
  9961 | D:9      | Reached skill level 5 in Air Magic
  9961 | D:9      | Reached skill level 5 in Earth Magic
  9961 | D:9      | Reached skill level 5 in Poison Magic
 10196 | D:10     | Entered Level 10 of the Dungeon
 10490 | D:10     | Noticed an unseen horror
 10497 | D:10     | Killed an unseen horror
 10872 | D:10     | You fall into a shaft and drop 1 floor!
 10874 | D:11     | Reached *** piety under Sif Muna
 11014 | D:11     | Noticed an orc knight
 11021 | D:11     | Killed an orc knight
 11210 | D:11     | Noticed an unseen horror
 11218 | D:11     | Killed an unseen horror
 11276 | D:11     | Noticed a soul eater
 12090 | D:11     | Found a runed translucent gate.
 12090 | D:11     | Noticed a purple ugly thing
 12091 | D:11     | Found a runed translucent gate.
 12091 | D:11     | Found a runed translucent gate.
 12091 | D:11     | Noticed a cyan ugly thing
 12091 | D:11     | Noticed a brown ugly thing
 12092 | D:11     | Noticed a cyan very ugly thing
 12092 | D:11     | Noticed a glowing orange brain
 12092 | D:11     | Noticed an unseen horror
 12099 | D:11     | Killed an unseen horror
 12102 | D:11     | Noticed a brown ugly thing
 12303 | D:11     | Reached XP level 12. HP: 89/89 MP: 24/24
 12308 | D:11     | Reached **** piety under Sif Muna
 12523 | Lair:1   | Entered Level 1 of the Lair of Beasts
 15028 | Lair:2   | HP: 5/109 [tyrant leech (30)]
 15636 | Lair:2   | Found a staircase to the Swamp.
 15731 | Lair:2   | Noticed a four-headed hydra
 15741 | Lair:2   | Killed a two-headed hydra
 16577 | Lair:3   | Reached ***** piety under Sif Muna
 16757 | Lair:3   | Reached XP level 13. HP: 98/98 MP: 22/26
 16786 | Lair:3   | Identified Sif Muna's Handbook of the Floating Frostbite
                  | (Sif Muna gifted it to you on level 3 of the Lair of
                  | Beasts)
 16786 | Lair:3   | Received a gift from Sif Muna
 17311 | Lair:3   | Found a hole to the Spider Nest.
 18698 | Lair:4   | Reached skill level 10 in Ice Magic
 20000 | Lair:5   | Noticed Nessos
 20098 | Lair:5   | Killed Nessos
 20098 | Lair:5   | Reached skill level 10 in Spellcasting
 20545 | Lair:5   | Found a staircase to the Slime Pits.
 20545 | Lair:5   | Found a viscous altar of Jiyva.
 20867 | Lair:5   | You fall into a shaft and drop 1 floor!
 20867 | Lair:6   | Entered Level 6 of the Lair of Beasts
 20892 | Lair:6   | Slain by a cane toad

Illustrated notes

Levels and vault maps discovered:
D:1:      elethiomel_arrival_infinity_welcomes_careful_drivers, layout_rooms
D:2:      layout_loops_ring, nemelex_spade_bored_becter
D:3:      layout_loops_corners, minmay_misc_feat_ornament
D:4:      layout_loops_ring
D:5:      layout_cave_pools, uniq_pikel
D:6:      layout_cave_pools, minmay_temple_entry_water_ring, water_boxes_lemuel
D:7:      layout_basic, hangedman_glass_teeth, uniq_maggie
D:8:      layout_gridville, overflow_temple_1_default, lair_entry_dummy
D:9:      layout_gridville, nicolae_ru_the_path_less_chosen, serial_shops, shop,
          special_room [special_room_kobold], uniq_maurice
D:10:     layout_loops_corners, uniq_sonja, uniq_josephine
D:11:     layout_basic, ploomutoo_gammafunk_ghost_potion_laboratory
Temple:   regret_index_temple_chain_breaker
Lair:1:   layout_cave_pods
Lair:2:   layout_hall_layers, minmay_swamp_entry_worms, fungi_pond_lemuel,
          lemuel_fruit_tree, minmay_lair_oklob_chamber
Lair:3:   layout_roguey, spider_nest_entry_rubble, infiniplex_staircase_pool_2
Lair:4:   layout_roguey, grunt_megastairs_1
Lair:5:   layout_small_grid, slime_altar_1, grunt_megastairs_3, uniq_nessos
Lair:6:   wormcave, layout_long_grid, basic_altar, zaba_antful_of_joy

Skill      XL: |  1  2  3  4  5  6  7  8  9 10 11 12 13 |
---------------+----------------------------------------+-----
Spellcasting   | 5 6 7 8 9 10 | 10.0
Invocations    | 1 2 3 4 5 6 7 8 9 |  9.5
Fighting       | 1 2 3 4 5 6 7 8 |  8.7
Short Blades   | 1 2 3 4 5 6 7 8 |  8.7
Long Blades    | 1 2 3 4 5 6 7 8 |  8.7
Axes           | 1 2 3 4 5 6 7 8 |  8.7
Maces & Flails | 1 2 3 4 5 6 7 8 |  8.7
Polearms       | 1 2 3 4 5 6 7 8 |  8.7
Staves         | 1 2 3 4 5 6 7 8 |  8.7
Slings         | 1 2 3 4 5 6 7 8 |  8.7
Bows           | 1 2 3 4 5 6 7 8 |  8.7
Crossbows      | 1 2 3 4 5 6 7 8 |  8.7
Throwing       | 1 2 3 4 5 6 7 8 |  8.7
Armour         | 1 2 3 4 5 6 7 8 |  8.7
Shields        | 1 2 3 4 5 6 7 8 |  8.7
Unarmed Combat | 1 2 3 4 5 6 7 8 |  8.7
Evocations     | 1 2 3 4 5 6 7 8 |  8.7
Conjurations   | 1 2 3 4 5 6 7 |  7.2
Hexes          | 1 2 3 4 5 6 7 |  7.2
Summonings     | 1 2 3 4 5 6 7 |  7.2
Necromancy     | 1 2 3 4 5 6 7 |  7.2
Translocations | 1 2 3 4 5 6 7 |  7.2
Transmutations | 1 2 3 4 5 6 7 |  7.2
Fire Magic     | 1 2 3 4 5 6 7 |  7.2
Air Magic      | 1 2 3 4 5 6 7 |  7.2
Earth Magic    | 1 2 3 4 5 6 7 |  7.2
Poison Magic   | 1 2 3 4 5 6 7 |  7.2
Dodging        | 5 6 7 8 9 |  9.8
Stealth        | 5 6 7 8 9 |  9.7
Ice Magic      | 8 9 10 | 10.2

Action                   |  1- 3 |  4- 6 |  7- 9 | 10-12 | 13-15 || total
-------------------------+-------+-------+-------+-------+-------++-------
Melee: Dagger            |    42 |    30 |    40 |       |       ||   112
       Bite              |     4 |     4 |     4 |    13 |     7 ||    32
       Punch             |       |       |     2 |       |       ||     2
       Whip              |       |       |    12 |       |       ||    12
       Unarmed           |       |       |    55 |   151 |    18 ||   224
       Glaive            |       |       |    13 |   129 |    68 ||   210
       Long sword        |       |       |     3 |       |       ||     3
 Cast: Freeze            |    14 |       |     1 |       |       ||    15
       Frozen Ramparts   |     6 |    23 |    23 |    59 |    27 ||   138
       Summon Ice Beast  |       |     2 |    21 |    36 |    36 ||    95
       Ice Form          |       |       |     9 |    20 |     4 ||    33
       Hailstorm         |       |       |       |       |     3 ||     3
Invok: Channel Magic     |       |       |       |       |     2 ||     2
Evoke: Wand              |       |       |       |       |     2 ||     2
  Use: Scroll            |       |     7 |     6 |     5 |     6 ||    24
       Potion            |       |       |     1 |       |     3 ||     4
 Stab: Sleeping          |     5 |       |     2 |     6 |     2 ||    15
       Distracted        |       |       |       |     2 |     1 ||     3
Armor: Robe              |     6 |    10 |     9 |    30 |    20 ||    75
       Skin              |       |       |     8 |    14 |     6 ||    28
Dodge: Dodged            |    36 |    37 |    89 |   212 |    94 ||   468
       Rpst.: Long sword |       |       |     5 |       |       ||     5

Table legend: (Time is in decaauts)
 A = Elapsed time spent in this place.
 B = Non-inter-level travel time spent in this place.
 C = Inter-level travel time spent in this place.
 D = Time resting spent in this place.
 E = Time spent auto-exploring this place.
 F = Levels seen in this place.
 G = Mean time per level.
                   A        B        C        D        E       F      G
               +--------+--------+--------+--------+--------+-----+--------+
         Total |  20941 |  20340 |    601 |   2029 |  15349 |  18 | 1163.4 |
       Dungeon |  12414 |  12018 |    396 |   1168 |   8915 |  11 | 1128.5 |
        Temple |     98 |     60 |     38 |      0 |     59 |   1 |   98.0 |
          Lair |   8427 |   8261 |    166 |    861 |   6375 |   6 | 1404.5 |
               +--------+--------+--------+--------+--------+-----+--------+

Top non-repeatable levels by time:
  Lair:2: 2534 daAuts
  Lair:3: 1857 daAuts
  Lair:4: 1818 daAuts
     D:6: 1753 daAuts
    D:11: 1588 daAuts
     D:5: 1312 daAuts
  Lair:1: 1204 daAuts
     D:3: 1163 daAuts
     D:9: 1139 daAuts
     D:1: 1016 daAuts
     D:7: 1003 daAuts
  Lair:5: 988 daAuts
     D:8: 916 daAuts
     D:2: 911 daAuts
     D:4: 907 daAuts
